 Dungeon Crawl Stone Soup version 0.17-a0-1313-ge10e169 (webtiles) character file.

72 Sommunist the Ruffian (level 4, -1/40 HPs)
             Began as a Minotaur Monk on June 8, 2015.
             Slain by an ogre
             ... wielding a +0 giant club
              (22 damage)
             ... on level 4 of the Dungeon.
             The game lasted 00:06:04 (2721 turns).

Sommunist the Ruffian (Minotaur Monk)               Turns: 2721, Time: 00:06:04

Health: -1/40      AC:  4    Str: 16    XL:     4   Next: 7%
Magic:  3/3        EV: 13    Int: 12    God:
Gold:   128        SH:  0    Dex: 13    Spells: 0 memorised, 3 levels left

rFire  . . .     SeeInvis .       - Unarmed
rCold  . . .     Clarity  .     e - +0 leather armour
rNeg   . . .     SustAt   .     (no shield)
rPois  .         Gourm    .     (helmet restricted)
rElec  .         Spirit   .     (no cloak)
rCorr  .         Warding  .     p - +0 pair of gloves
rMut   .         Stasis   .     (no boots)
MR     .....                    (no amulet)
Stlth  ++........               (no ring)
                                l - +5 ring of intelligence

@: not resistant to hostile enchantments, unstealthy
A: retaliatory headbutt, horns 2
a: no special abilities


You were on level 4 of the Dungeon.
You were hungry.

You visited 1 branch of the dungeon, and saw 4 of its levels.

You collected 128 gold pieces.

Inventory:

Missiles
 a - 106 stones (quivered)
Armour
 e - a +0 leather armour (worn)
 p - a +0 pair of gloves (worn)
Jewellery
 l - a +5 ring of intelligence (left hand)
Scrolls
 c - a scroll of amnesia {unknown}
 i - 2 scrolls of remove curse {unknown}
 k - a scroll of enchant weapon {unknown}
 n - 2 scrolls of identify {unknown}
 o - a scroll of teleportation {unknown}
 s - a scroll of fear {unknown}
Potions
 f - a potion of degeneration {unknown}
 g - a potion of poison {unknown}
 h - a potion of flight {unknown}
 j - a potion of haste {unknown}
 r - 2 potions of curing {unknown}
Books
 m - a book of Air

   Spells                             Type                      Level
   a - Shock                          Conjuration/Air              1
   b - Swiftness                      Charms/Air                   2
   c - Repel Missiles                 Charms/Air                   2
   d - Static Discharge               Conjuration/Air              3
   e - Lightning Bolt                 Conjuration/Air              5
 t - a book of Flames

   Spells                             Type                      Level
   a - Flame Tongue                   Conjuration/Fire             1
   b - Throw Flame                    Conjuration/Fire             2
   c - Conjure Flame                  Conjuration/Fire             3
   d - Inner Flame                    Hexes/Fire                   3
   e - Sticky Flame                   Conjuration/Fire             4
   f - Fireball                       Conjuration/Fire             5
Comestibles
 b - 3 bread rations
 d - 5 fruits


   Skills:
 + Level 3.9 Fighting
 + Level 3.8 Dodging
 + Level 2.3 Stealth
 * Level 5.2 Unarmed Combat


You had 3 spell levels left.
You didn't know any spells.

Dungeon Overview and Level Annotations

Branches:
Dungeon (4/15)
 Temple: D:4-7

Altars:
Ashenzari
Yredelemnul
The Shining One


Innate Abilities, Weirdness & Mutations

You reflexively headbutt those who attack you in melee.
You have a pair of horns on your head.


Message History

Done exploring.
There is a stone staircase leading down here.
You climb downwards.
Found a stone staircase leading up.
There is a stone staircase leading up here.
Found a stone staircase leading up.
You are feeling hungry.
Eat which item? (? for menu, Esc to quit)
Okay, then.
There is a stone staircase leading up here.
An ogre comes into view. It is wielding a giant club.
The ogre shouts!
The ogre closely misses you.
You hit the ogre but do no damage. The ogre hits you with a giant club!!
You hit the ogre but do no damage. You punch the ogre!
The ogre is moderately wounded.
The ogre hits you with a giant club!!
Ouch! That really hurt!
You die...

###
..#
#.#
#O#
#@#
#.#
#.#
#.#
#.#
#.#
#.#
#.#
#<#


You could see an ogre.

Vanquished Creatures
  An adder (D:3)
  2 worms
  An orc (D:3)
  4 bats
  4 giant cockroaches
  2 goblins
  10 hobgoblins
  7 jackals
  A quokka (D:3)
  A ball python (D:3)
  2 giant geckos
  2 giant newts (D:1)
  9 kobolds
  5 rats
51 creatures vanquished.

Notes
Turn   | Place    | Note
--------------------------------------------------------------
     0 | D:1      | Sommunist the Minotaur Monk began the quest for the Orb.
     0 | D:1      | Reached XP level 1. HP: 19/19 MP: 0/0
   632 | D:1      | Reached XP level 2. HP: 14/27 MP: 1/1
  1258 | D:2      | Reached XP level 3. HP: 33/33 MP: 2/2
  1316 | D:2      | Reached skill level 5 in Unarmed Combat
  1482 | D:2      | Found a glowing golden altar of the Shining One.
  1484 | D:2      | Noticed an angel
  1493 | D:2      | Found a basalt altar of Yredelemnul.
  1495 | D:2      | Noticed a profane servitor
  1917 | D:3      | Found a shattered altar of Ashenzari.
  2163 | D:3      | Reached XP level 4. HP: 35/40 MP: 3/3
  2714 | D:4      | Noticed an ogre
  2721 | D:4      | Slain by an ogre

Vault maps used:
D:1:      dpeg_chamrin_arrival_tetris, kennysheep_nondescript
D:2:      grunt_temple_overflow_holy_war, first_bread
D:3:      evilmike_ruin_ashenzari
D:4:      minmay_misc_feat_x

Action                   |  1- 3 |  4- 6 || total
-------------------------+-------+-------++-------
Melee: Unarmed           |   102 |     8 ||   110
Throw: Stone             |     1 |       ||     1
 Stab: Sleeping          |     2 |     1 ||     3
  Eat: Chunk             |     4 |     1 ||     5
